 Dungeon Crawl Stone Soup version 0.24.0-123-gd5b16e6ec5 (webtiles) character file.

Game seed: 4016612768180774690, levelgen mode: deterministic

539 Descartes the Magician (level 7, -6/32 HPs)
             Began as a Spriggan Wizard on Dec 26, 2019.
             Mangled by a mummy (19 damage)
             ... in an ossuary.
             The game lasted 00:20:01 (8416 turns).

Descartes the Magician (Spriggan Wizard)            Turns: 8416, Time: 00:20:02

Health: -6/32      AC:  2    Str:  9    XL:     7   Next: 5%
Magic:  8/17       EV: 20    Int: 21    God:
Gold:   222        SH:  0    Dex: 14    Spells: 17/18 levels left

rFire    . . .     SeeInvis +   s - +1 long sword (flame)
rCold    . . .     Gourm    .   (shield restricted)
rNeg     . . .     Faith    .   f - +0 robe
rPois    .         Spirit   .   q - +0 hat
rElec    .         Reflect  .   (no cloak)
rCorr    .         Harm     .   (gloves unavailable)
MR       ++...                  (boots unavailable)
Stlth    +++.......             (no amulet)
HPRegen  0.10/turn              (no ring)
MPRegen  0.15/turn              m - ring of protection from magic

@: mighty, very quick
A: very small, unfitting armour, see invisible, herbivore, speed 3, slow
metabolism 2
a: no special abilities


You were in an ossuary.
You were not hungry.

You visited 1 branch of the dungeon, and saw 6 of its levels.
You also visited: Ossuary.

You collected 222 gold pieces.

Inventory:

Hand Weapons
 a - a +0 dagger
 b - a +1 hunting sling
 k - a +0 shortbow
 s - a +1 long sword of flaming (weapon)
Missiles
 j - 175 stones (quivered)
 t - a throwing net
 v - 4 boomerangs
 w - 30 bolts
Armour
 f - a +0 robe (worn)
 q - a +0 hat (worn)
Magical Staves
 r - an uncursed staff of cold
Jewellery
 m - a ring of protection from magic (right hand)
Wands
 n - a wand of paralysis (6)
Scrolls
 h - a scroll of amnesia
 l - 3 scrolls of teleportation
 p - a scroll of identify
 y - a scroll of immolation
Potions
 c - a potion of curing
 e - 2 potions of flight {unknown}
 g - a potion of lignification
 i - a potion of might
 o - a potion of magic
 u - 3 potions of heal wounds {unknown}
 x - a potion of ambrosia {unknown}
 z - a potion of brilliance {unknown}
Comestibles
 d - 9 rations


   Skills:
 + Level 0.5 Fighting
 + Level 1.2(1.3) Short Blades
 + Level 0.3(0.7) Long Blades
 + Level 5.6 Dodging
 + Level 5.8 Stealth
 + Level 6.4 Spellcasting
 + Level 2.3 Conjurations
   Level 0.7 Summonings
   Level 1.5 Translocations
 + Level 1.1 Evocations


You had 17 spell levels left.
You knew the following spells:

 Your Spells              Type           Power        Failure   Level  Hunger
a - Magic Dart            Conj           ###.         3%          1    None

Your spell library contained the following spells:

 Spells                   Type           Power        Failure   Level  Hunger
 Blink                    Tloc           N/A          8%          2    None
 Call Imp                 Summ           #.......     11%         2    None
 Slow                     Hex            #.......     14%         2    None
 Conjure Flame            Conj/Fire      ##......     17%         3    #......
 Mephitic Cloud           Conj/Pois/Air  ##......     21%         3    #......


Dungeon Overview and Level Annotations

Branches:
Dungeon (6/15)            Ossuary (1/1)
 Temple: D:4-7

Altars:
Yredelemnul

Shops:
D:4 [


Innate Abilities, Weirdness & Mutations

You are very small and have problems with some larger weapons.
You are too small for most types of armour.
You have supernaturally acute eyesight. (SInv)
You are a herbivore.
You cover ground extremely quickly.
You need to consume almost no food.


Message History

You burn the mummy.
The mummy is almost destroyed.
You closely miss the mummy.
The mummy is almost destroyed.
The mummy hits you.
You slash the mummy! You burn the mummy.
You destroy the mummy!
A big kobold zombie comes into view.
Your magical contamination has completely faded away. 2 mummies come into view.
A mummy comes into view.
You completely miss the mummy. The mummy completely misses you.
You barely miss the mummy. The mummy barely misses you.
The hobgoblin zombie hits you.
You closely miss the mummy. The mummy completely misses you.
The hobgoblin zombie barely misses you. The mummy hits you.
* * * LOW HITPOINT WARNING * * *
You feel better. The mummy hits you!!
Ouch! That really hurt!
You die...

## ..## ###
....# .. ##..##
.....
..##....##M....
...............
......M.......#
....Z.M@Z....#
##........##+#
##......##
##....## #....#
#....# #....#
#....# #....#


You could see 3 mummies, a hobgoblin zombie and a big kobold zombie.

Vanquished Creatures
  A bullfrog (D:6)
  2 crimson imps
  A hound (D:5)
  An orc wizard (D:4)
  An iguana (D:5)
  2 worker ants (D:5)
  A hound skeleton (D:4)
  2 mummies (Ossuary)
  3 gnolls (D:4)
  7 adders
  3 adder skeletons (D:4)
  4 adder zombies (D:4)
  2 worms
  3 dart slugs
  6 leopard geckos
  8 orcs
  3 ball pythons
  7 bats
  3 giant cockroaches
  8 hobgoblins
  7 jackals
  10 kobolds
  A quokka (D:3)
  6 frilled lizards
  A giant cockroach zombie (D:4)
  3 gnoll zombies (Ossuary)
  12 goblins
  A kobold zombie (Ossuary)
  A leopard gecko zombie (D:4)
  2 orc zombies (Ossuary)
  A quokka skeleton (D:3)
  6 rats
119 creatures vanquished.

Notes
Turn   | Place    | Note
-------+----------+-------------------------------------------
     0 | D:1      | Descartes the Spriggan Wizard began the quest for the Orb.
     0 | D:1      | Reached XP level 1. HP: 9/9 MP: 6/6
   430 | D:1      | Reached XP level 2. HP: 13/13 MP: 6/8
   965 | D:1      | Reached skill level 5 in Spellcasting
  1180 | D:1      | Reached XP level 3. HP: 16/16 MP: 8/10
  2891 | D:2      | Reached skill level 1 in Conjurations
  3398 | D:2      | Reached XP level 4. HP: 21/21 MP: 8/12
  3931 | D:3      | Found a basalt altar of Yredelemnul.
  4853 | D:4      | Reached XP level 5. HP: 24/24 MP: 4/14
  5795 | D:4      | Reached skill level 6 in Spellcasting
  5809 | D:4      | Reached skill level 5 in Stealth
  5809 | D:4      | Reached XP level 6. HP: 9/28 MP: 11/16
  5833 | D:4      | Found Amoah's Armour Shop.
  6099 | D:4      | Reached skill level 5 in Dodging
  6439 | D:5      | Entered Level 5 of the Dungeon
  7917 | D:6      | Reached skill level 1 in Short Blades
  8078 | D:6      | Reached skill level 1 in Evocations
  8112 | D:6      | Noticed an orc warrior
  8155 | D:6      | Found a sand-covered staircase.
  8160 | Ossuary  | Entered an ossuary
  8251 | Ossuary  | Reached XP level 7. HP: 32/32 MP: 5/17
  8416 | Ossuary  | Mangled by a mummy

Levels and vault maps discovered:
D:1:      ncdulo_smallfort, layout_loops_ring
D:2:      layout_loops_ring, first_ration, minmay_goblin_outpost
D:3:      layout_loops_cross, old_standard_altar, minmay_misc_feat_ornament,
          nrook_mini_backslash
D:4:      layout_basic, serial_undead, serial_undead_c, serial_undead_d,
          serial_undead_d, serial_undead_e, serial_shops, kennysheep_mini_moat
D:5:      layout_layer_cave
D:6:      layout_loops_corners, chequers_temple_overflow_minitemple,
          minmay_temple_entry_offerings, serial_shops, kennysheep_mini,
          enter_ossuary_3, minmay_misc_feat_room, st_stairs_12
Ossuary:  ossuary_tomb_3

Skill      XL: |  1  2  3  4  5  6 |
---------------+-------------------+-----
Spellcasting   | 5 6 |  6.4
Conjurations   | 1 2 |  2.3
Dodging        | 4 5 |  5.6
Stealth        | 4 5 |  5.8
Short Blades   | 1 |  1.2
Evocations     | 1 |  1.1
Fighting       | |  0.5
Long Blades    | |  0.3
Summonings     | |  0.7
Translocations | |  1.5

Action                   |  1- 3 |  4- 6 |  7- 9 || total
-------------------------+-------+-------+-------++-------
Melee: Unarmed           |    10 |       |       ||    10
       Dagger            |    13 |     2 |       ||    15
       Long sword        |       |    35 |     6 ||    41
 Cast: Magic Dart        |   149 |   286 |    20 ||   455
  Use: Scroll            |     6 |     8 |       ||    14
       Potion            |       |       |     2 ||     2
 Stab: Sleeping          |       |     1 |       ||     1
  Eat: Ration            |       |     2 |       ||     2
Armor: Robe              |     5 |     3 |       ||     8
Dodge: Dodged            |    70 |   120 |     7 ||   197
       Rpst.: Long sword |       |    31 |     3 ||    34
